 Dungeon Crawl Stone Soup version 0.29-a0-397-g846e4a0bbc (webtiles) character file.

Game seed: 12407457793986322118

586 McIrco the Protected (level 7, -5/61 HPs)
             Began as a Minotaur Fighter on May 11, 2022.
             Killed from afar by a steam dragon (10 damage)
             ... with a ball of steam
             ... on level 5 of the Dungeon.
             The game lasted 00:05:13 (3416 turns).

McIrco the Protected (Minotaur Fighter)             Turns: 3416, Time: 00:05:14

Health: -5/61      AC: 15    Str: 23    XL:     7   Next: 15%
Magic:  6/6        EV:  6    Int:  5    God:
Gold:   172        SH:  4    Dex:  9    Spells: 6/6 levels left

rFire   . . .      SeeInvis .   a - +0 war axe
rCold   . . .      Faith    .   c - +0 buckler
rNeg    . . .      Spirit   .   f - +0 plate armour
rPois   +          Reflect  .   (helmet restricted)
rElec   .          Harm     .   (no cloak)
rCorr   .          Rampage  .   h - +0 pair of gloves
Will    .....                   (no boots)
Stlth   ..........              (no amulet)
HPRegen 0.20/turn               s - ring of poison resistance
MPRegen 0.10/turn               (no ring)

@: about to teleport
A: horns 2, retaliatory headbutt
a: no special abilities


You were on level 5 of the Dungeon.
You visited 1 branch of the dungeon, and saw 6 of its levels.

You collected 172 gold pieces.

Inventory:

Hand Weapons
 a - a +0 war axe (weapon)
Missiles
 y - a throwing net (quivered)
Armour
 b - a +0 scale mail
 c - a +0 buckler (worn)
 f - a +0 plate armour (worn)
 h - a +0 pair of gloves (worn)
Jewellery
 g - a ring of magical power
 s - a ring of poison resistance (left hand)
Wands
 w - a wand of flame (20)
Scrolls
 e - a scroll of magic mapping
 j - 2 scrolls of teleportation
 m - 2 scrolls of enchant armour {unknown}
 o - 6 scrolls of identify {unknown}
 p - a scroll of vulnerability {unknown}
 t - 3 scrolls of torment {unknown}
 u - a scroll of fear {unknown}
 v - a scroll of enchant weapon {unknown}
 z - a scroll of blinking {unknown}
Potions
 d - a potion of might
 k - a potion of cancellation {unknown}
 l - 2 potions of haste {unknown}
 n - a potion of brilliance {unknown}
 q - 5 potions of mutation {unknown}
 r - 2 potions of degeneration {unknown}
 x - a potion of resistance {unknown}


   Skills:
 + Level 5.2 Fighting
 - Level 2.4 Axes
 * Level 8.2 Armour
 + Level 5.3 Shields


You had 6 spell levels left.
You didn't know any spells.
Your spell library contained the following spells:

 Spells                   Type           Power      Damage    Failure   Level
 Sublimation of Blood     Necr           0%         N/A       100%        2
 Conjure Flame            Conj/Fire      0%         6-21      100%        3
 Ignite Poison            Fire/Tmut/Pois 0%         N/A       100%        3
 Petrify                  Tmut/Erth      0%         N/A       100%        4
 Sticky Flame             Conj/Fire      0%         2d3       100%        4
 Irradiate                Conj/Tmut      0%         3d13      100%        5


Dungeon Overview and Level Annotations

Branches:
Dungeon (6/15)
 Temple: D:4-7

Altars:
Ashenzari
Dithmenos
Sif Muna


Innate Abilities, Weirdness & Mutations

You have a pair of horns on your head.
You reflexively headbutt those who attack you in melee.


Message History

The orc is lightly wounded.
The orc hits you but does no damage.
You hit the orc. Your headbutt misses the orc.
The orc is almost dead.
A steam dragon comes into view.
The orc hits you but does no damage.
The steam dragon hisses angrily.
You hit the orc but do no damage.
The orc is almost dead.
The orc hits you but does no damage. You block the orc's attack.
The orc attacks as you move away! The orc hits you but does no damage.
You see here a +0 club.
The orc attacks as you move away! The orc closely misses you.
The orc attacks as you move away! The orc hits you with a +0 short sword.
There is a stone staircase leading up here.
The steam dragon bites you but does no damage.
The steam dragon claws you but does no damage.
The orc completely misses you.
You climb upwards.
The ogre closely misses you.
There is a stone staircase leading down here.
Okay, then.
Unknown command.
As you read the scroll labelled JILASUJ JALITZ, it crumbles to dust.
You feel aware of your surroundings.
You sensed 1 altar.
It was a scroll of magic mapping.
You block the ogre's attack. The steam dragon bites you.
* * * LOW HITPOINT WARNING * * *
You block the steam dragon's attack. The orc hits you but does no damage.
Unknown command.
As you read the scroll labelled ONNITHR PEEWNIR, it crumbles to dust.
The scroll dissolves into smoke.
It was a scroll of fog.
The steam dragon closely misses you. You block the steam dragon's attack.
The orc hits you but does no damage. The ogre hits you with a +0 giant club!
* * * LOW HITPOINT WARNING * * *
Unknown command.
As you read the scroll labelled KUHAWI TUOSIE, it crumbles to dust.
You feel strangely unstable.
It was a scroll of teleportation.
The steam dragon breathes steam at you. The ball of steam hits you!
You die...

)..#.##########..##
#..#.# #..#
#..#.#********#..#
......,,,,,,,*#..#
#..#.#*########..#
#................#
#..#.###.######§§#
#..#.#*#.######O§#
.,,.,,,.......§D@#
#,,*,**#.######o§########
*,,,,,,.......§§§§......#
*,,*,**#.######..########
*..#,**#.# #..#######*
,....,,..# #.........*
*.....##.######..#######*
,....,...........#
*..#..##.######..#


You could see a steam dragon (catching breath), an ogre and an orc.

Vanquished Creatures
  An ice beast (D:5)
  A scorpion (D:5)
  A necrophage (D:5)
  A hound (D:5)
  3 iguanas
  4 adders
  10 gnolls
  An ufetubus (D:5)
  A worm (D:4)
  11 dart slugs
  15 orcs
  4 endoplasms
  3 giant cockroaches
  3 goblins
  10 hobgoblins
  7 jackals
  5 kobolds
  4 quokkas
  6 ball pythons
  3 bats
  4 frilled lizards (D:1)
  5 rats
103 creatures vanquished.

Notes
Turn   | Place    | Note
-------+----------+-------------------------------------------
     0 | D:1      | McIrco the Minotaur Fighter began the quest for the Orb.
     0 | D:1      | Reached XP level 1. HP: 19/19 MP: 0/0
   212 | D:1      | Reached skill level 4 in Armour
   212 | D:1      | Reached XP level 2. HP: 21/27 MP: 1/1
   277 | D:1      | You fall into a shaft and drop 1 floor!
   469 | D:1      | Reached XP level 3. HP: 30/33 MP: 2/2
  1176 | D:2      | Reached skill level 5 in Armour
  1182 | D:2      | Found a faded altar of an unknown god.
  1217 | D:2      | Reached XP level 4. HP: 40/40 MP: 3/3
  1541 | D:3      | Found a broken altar of Ashenzari.
  1619 | D:3      | Found a shadowy altar of Dithmenos.
  1889 | D:3      | Found a shimmering blue altar of Sif Muna.
  2283 | D:4      | Reached XP level 5. HP: 28/47 MP: 4/4
  2286 | D:4      | Reached skill level 6 in Armour
  2841 | D:5      | Entered Level 5 of the Dungeon
  2886 | D:5      | Noticed an ice beast
  2897 | D:5      | Killed an ice beast
  2898 | D:5      | Reached skill level 7 in Armour
  2898 | D:5      | Reached XP level 6. HP: 49/53 MP: 5/5
  2900 | D:5      | Reached skill level 5 in Shields
  3061 | D:5      | Reached skill level 5 in Fighting
  3134 | D:5      | Reached skill level 8 in Armour
  3134 | D:5      | Reached XP level 7. HP: 37/61 MP: 6/6
  3407 | D:6      | Noticed a steam dragon
  3416 | D:5      | Killed from afar by a steam dragon

Illustrated notes

Levels and vault maps discovered:
D:1:      dpeg_arrival_rhombus, layout_basic
D:2:      layout_basic, basic_ecumenical_altar, grunt_ministairs_1
D:3:      kennysheep_slugbush, layout_rooms, cheibrodos_ashenzari_chains,
          mainiacjoe_overflow_paths, nicolae_dithmenos_the_darkroom
D:4:      layout_basic
D:5:      layout_basic, nicolae_overflow_crystal_walls,
          gammafunk_ghost_mausoleum, minmay_hollow_rounded_squares, uniq_sigmund
D:6:      layout_basic, temple_fountains

Skill      XL: |  1  2  3  4  5  6 |
---------------+-------------------+-----
Armour         | 4 5 7 8 |  8.2
Fighting       | 4 5 |  5.2
Shields        | 4 5 |  5.3
Axes           | |  2.4

Action                   |  1- 3 |  4- 6 |  7- 9 || total
-------------------------+-------+-------+-------++-------
Melee: War axe           |    88 |   162 |    26 ||   276
       Headbutt          |    10 |    21 |     2 ||    33
  Use: Scroll            |       |       |     3 ||     3
Armor: Scale mail        |     2 |       |       ||     2
       Plate armour      |    67 |   126 |    25 ||   218
Dodge: Dodged            |    28 |    53 |    12 ||    93
Block: Buckler           |    22 |    35 |     9 ||    66

Table legend: (Time is in decaauts)
 A = Elapsed time spent in this place.
 B = Non-inter-level travel time spent in this place.
 C = Inter-level travel time spent in this place.
 D = Time resting spent in this place.
 E = Time spent auto-exploring this place.
 F = Levels seen in this place.
 G = Mean time per level.
                   A        B        C        D        E       F      G
               +--------+--------+--------+--------+--------+-----+--------+
         Total |   3538 |   3380 |    158 |    401 |   2205 |   6 |  589.7 |
       Dungeon |   3538 |   3380 |    158 |    401 |   2205 |   6 |  589.7 |
               +--------+--------+--------+--------+--------+-----+--------+

Top non-repeatable levels by time:
     D:4: 922 daAuts
     D:1: 785 daAuts
     D:2: 689 daAuts
     D:5: 584 daAuts
     D:3: 531 daAuts
     D:6: 26 daAuts
